 Dungeon Crawl Stone Soup version 0.30-b1-2-g02819fbbbe (webtiles) character file.

Game seed: 13940359999922739653

542124 LLlMATKO the Executioner (level 24, -5/355 (358) HPs)
             Began as a Minotaur Berserker on Nov 27, 2023.
             Was the Champion of Trog.
             Engulfed by an ushabti's foul pestilence (8 damage)
             ... on level 3 of the Crypt.
             The game lasted 01:17:54 (59986 turns).

LLlMATKO the Executioner (Minotaur Berserker)      Turns: 59986, Time: 01:17:55

HP:   -5/355 (358)  AC: 40    Str: 41 (42) XL:     24   Next: 77%
MP:   31/31         EV: 18    Int:  4      God:    Trog [******]
Gold: 4219          SH: 28    Dex: 14      Spells: 23/23 levels left

rFire   + + +        j - +1 broad axe "Diwk" {heavy, Drain rC+ Will- Str+8}
rCold   + + .        D - +0 tower shield
rNeg    + . .        h - +0 crystal plate armour
rPois   +            S - +0 mask of the Dragon {Will+ Slay+3 SInv}
rElec   .            y - scarf {rC+ rF+}
rCorr   +            r - +0 pair of gloves of Amorality {rPois rCorr Slay+3}
SInv    +            k - +3 pair of seven-league boots {Rampage+∞}
Will    ++...        W - amulet of reflection Stlth
                     U - ring of Hataqaj {rPois rN+ Will+ AC+4 Str+4}
HPRegen 0.79/turn    z - ring of Propriety {rF+ MP+9}
MPRegen 0.22/turn

%: reflection, clarity, rampage+∞
@: berserking, lethally poisoned (-5 -> -17), slowed, studying Ranged Weapons,
lightly drained
A: horns 2, retaliatory headbutt, clarity, fire resistance 1, screaming 1
}: 3/15 runes: decaying, silver, gossamer
a: Renounce Religion, Berserk, Trog's Hand, Brothers in Arms


You were on level 3 of the Crypt.
You worshipped Trog.
Trog was exalted by your worship.
You visited 10 branches of the dungeon, and saw 45 of its levels.
You visited the Abyss 3 times.
You visited 3 bazaars.
You also visited: Bailey and Desolation.

You collected 7739 gold pieces.
You spent 3520 gold pieces at shops.

Inventory:

Hand Weapons
 j - the +1 broad axe "Diwk" (weapon) {heavy, Drain rC+ Will- Str+8}
   (Trog gifted it to you on level 1 of the Spider Nest)

   Str:       It affects your strength (+8).
   rC:        It protects you from cold.
   Drain:     It drains your maximum health when unequipped.
   Will:      It decreases your willpower.
Missiles
 I - 33 curare-tipped darts (quivered)
 J - 86 poisoned darts
 P - 6 throwing nets
Armour
 h - a +0 crystal plate armour (worn)
 k - the +3 pair of seven-league boots (worn) {Rampage+∞}
   (You bought it in a shop on level 2 of the Orcish Mines)

   Rampage+∞: When moving toward enemies, its wearer moves as far as possible.
 r - the +0 pair of gloves of Amorality (worn) {rPois rCorr Slay+3}
   (You bought it in a shop on level 4 of the Dungeon)

   Slay:      It affects your accuracy & damage with ranged weapons and melee
   (+3).
   rPois:     It protects you from poison.
   rCorr:     It protects you from acid and corrosion.
 y - a scarf of resistance (worn)
 D - a +0 tower shield (worn)
 G - a +0 pair of boots of flying
 S - the +0 mask of the Dragon (worn) {Will+ Slay+3 SInv}
   (You found it on level 3 of the Elven Halls)

   Slay:      It affects your accuracy & damage with ranged weapons and melee
   (+3).
   SInv:      It lets you see invisible.
   Will:      It increases your willpower.
Jewellery
 e - a ring of protection from fire
 s - a +4 ring of protection
 x - a +6 ring of dexterity
 z - the ring of Propriety (right hand) {rF+ MP+9}
   (You found it in the Desolation of Salt)

   [ring of protection from fire]

   rF:        It protects you from fire.
   MP:        It affects your magic capacity (+9).
 B - a ring of willpower
 K - a ring of ice
 L - a ring of protection from fire
 N - a +4 ring of protection
 U - the ring of Hataqaj (left hand) {rPois rN+ Will+ AC+4 Str+4}
   (You found it on level 2 of the Swamp)

   [ring of protection]

   AC:        It affects your AC (+4).
   Str:       It affects your strength (+4).
   rPois:     It protects you from poison.
   rN:        It protects you from negative energy.
   Will:      It increases your willpower.
 W - an amulet of reflection (around neck)
 Y - the ring of the Will of the Gods {rC+++ Str+6 Int+5 Stlth-}
   (You bought it in a shop in a bazaar)

   [ring of strength]

   Str:       It affects your strength (+6).
   Int:       It affects your intelligence (+5).
   rC:        It renders you almost immune to cold.
   Stlth:     It makes you less stealthy.
 Z - a +6 ring of strength
Wands
 g - a wand of paralysis (36)
 q - a wand of polymorph (31)
 t - a wand of flame (51)
 u - a wand of digging (14)
 A - a wand of mindburst (49)
 O - a wand of light (32)
 T - a wand of iceblast (76)
Scrolls
 a - 2 scrolls of silence
 d - 23 scrolls of teleportation
 i - 7 scrolls of enchant weapon
 l - 6 scrolls of poison
 m - 26 scrolls of identify
 n - 7 scrolls of noise
 C - 8 scrolls of enchant armour
 E - 7 scrolls of fear
 M - 9 scrolls of fog
 Q - 8 scrolls of butterflies
 R - 7 scrolls of blinking
 V - 5 scrolls of magic mapping
 X - 3 scrolls of brand weapon
Potions
 b - 16 potions of curing
 c - 6 potions of resistance
 f - 12 potions of heal wounds
 o - 9 potions of flight
 p - 13 potions of might
 v - 16 potions of haste
 w - 4 potions of cancellation
 F - 7 potions of ambrosia
 H - a potion of invisibility


   Skills:
 + Level 24.5 Fighting
 + Level 24.6 Axes
 + Level 24.4 Armour
 + Level 22.6 Dodging
 + Level 24.2 Shields


You had 23 spell levels left.
You didn't know any spells.
Your spell library was empty.

Dungeon Overview and Level Annotations

Branches:
Dungeon (15/15)            Temple (0/1) D:7            Lair (5/5) D:11
  Swamp (4/4) Lair:3       Spider (4/4) Lair:2        Slime (0/5) Lair:4
    Orc (2/2) D:11            Elf (3/3) Orc:2        Vaults (5/5) D:13
  Crypt (3/3) Vaults:2       Tomb (0/3) Crypt:3      Depths (3/4) D:15
   Hell (visited)             Dis (0/7) Hell            Geh (0/7) Hell
    Coc (0/7) Hell            Tar (0/7) Hell         Bailey (visited)
Desolation (visited)

Altars:
Ashenzari
Dithmenos
Gozag
Kikubaaqudgha
Okawaru
Ru
Uskayaw
Wu Jian
Xom
Yredelemnul
Zin
The Shining One

Shops:
D:3 (?:   D:4 [[*(*   D:8 [   D:11 [   D:13 *   Orc:2 [[[*   Elf:1 =   Elf:2 =
Vaults:2 *   Vaults:5 ?

Portals:
Hell: Depths:1 Depths:2 Depths:3
Abyss: Depths:3
Pandemonium: Depths:2 Depths:3
Ziggurat: Depths:3
Trove: D:15 (give 5 potions of resistance)

Annotations:
D:10 2 transporters
Lair:4 1 runed translucent door


Innate Abilities, Weirdness & Mutations

You have a pair of horns on your head.
You reflexively headbutt those who attack you in melee.
You possess an exceptional clarity of mind.
Your flesh is heat resistant. (rF+)
You occasionally shout uncontrollably at your foes.


Message History

The spectral centaur warrior fades away!
You open the freezing wraith like a pillowcase!!!
You destroy the freezing wraith!
The freezing wraith disappears in a puff of smoke!
You barely miss the eidolon.
You are engulfed in dark miasma.
You feel as though you will be slow longer.
An anaconda simulacrum comes into view.
The eidolon stares piercingly at you. The bolt of negative energy misses you.
The ushabti shakes and rattles deafeningly!
You block the flayed ghost's attack. You block the eidolon's attack.
The eidolon hits you but does no damage.
An ancient champion comes into view.
It is wielding a +2 great mace of draining.
You feel your strength returning.
Unknown command.
Unknown command.
You closely miss the flayed ghost. Your headbutt misses the flayed ghost.
The flayed ghost is heavily damaged.
You slash the phantasmal warrior! You slash the eidolon!
You are engulfed in dark miasma.
You are lethally poisoned!
* * * LOW HITPOINT WARNING * * *
You feel very sick.
The ushabti shakes and rattles deafeningly!
You block the flayed ghost's attack.
You block the phantasmal warrior's attack.
The eidolon gestures.
The eidolon radiates an aura of fear!
You are unaffected.
Unknown command.
Unknown command.
Unknown command.
You slice the flayed ghost!!
You destroy the flayed ghost!
The flayed ghost disappears in a puff of smoke!
You hit the phantasmal warrior. You chop the eidolon into pieces!!!
You destroy the eidolon!
Trog accepts your kill.
You are engulfed in dark miasma.
You feel as though you will be slow longer.
You die...

*,,,**,,,,,***,,,,***,,,,,**,,,*,
*,,,**,,,,,,,**,,**,,,,,,,**,,,**
*,,,**,,,,,,,,****,,,,,,,,**,,,,,
*,,,**,,,,,,,,* *,,,,,,,,**,,,,,
*,,,**,,,,,,,,####,,,,,,,,**,,,,,
*,,,**,,.,,,,##⌠⌠##,,,,.,,**,,,,,
,,,,**,,§9####....####z.,,**,,,,,
,,,,**,,○....'W.).VV.9..,,**,****
,,,,**,,°...M'M)@WMz9Z..,,**,*
,,,,**,,☼#####)°))#####.,,**,*
,,,,**,,,**,,#.)).#..#*,,,**,*
,,,,**,⌠,*#.,##''##..#*,⌠,**,*
,,,,**,,,*#..8#z.#8..#*,,,**,*
,,,,******#..........#******,*
,,,,******#..........#######,*
,,,,,,,,,...#######..........****
,,,,,,,,,..,* #..........,,,,


You could see an ancient champion, 2 mummy priests, a skeletal warrior, 2
jiangshi, a phantasmal warrior (summoned), a guardian mummy, 3 ushabtiu, a
shadow (summoned), a wight (summoned) and an anaconda simulacrum.

Vanquished Creatures
  An ancient lich (Vaults:5)
  Boris (twice) (Vaults:2 Depths:2)
  Margery (Crypt:1)
  Frederick (Vaults:4)
  Sojobo (Vaults:4)
  3 golden dragons
  Geryon (Hell)
  The ghost of heteroy the Petrodigitator, a veteran GrEE of Vehumet (Vaults:4)
  2 bone dragons
  Nikola (Depths:1)
  A pearl dragon (Abyss:2)
  2 doom hounds (Crypt:1)
  Zenata (Crypt:2)
  A tentacled monstrosity (Hell)
  Mlioglotl (Swamp:3)
  8 liches
  6 deep elf blademasters (Elf:3)
  6 titans (Vaults:5)
  4 deep elf master archers (Elf:3)
  Grunn (Crypt:1)
  A quicksilver dragon (Vaults:5)
  11 sphinxes
  Gastronok (Lair:1)
  8 ancient champions
  7 tentacled starspawn
  5 thorn hunters
  3 shadow dragons (Vaults:5)
  Donald (Crypt:2)
  2 tengu reavers
  2 storm dragons
  2 revenants
  7 fire giants
  An iron dragon (Vaults:2)
  A fenstrider witch (Swamp:1)
  An azure jelly (Swamp:4)
  18 vault wardens
  3 balrugs
  4 deep elf sorcerers
  An imperial myrmidon (Desolation)
  Louise (Spider:3)
  Aizul (Spider:3)
  9 frost giants
  3 orc warlords
  A ghost moth (Spider:3)
  6 emperor scorpions
  5 deep elf elementalists (Elf:3)
  An angel (Abyss:2)
  4 war gargoyles
  2 spriggan defenders (Depths:2)
  2 broodmothers
  8 ironbound thunderhulks
  17 stone giants
  19 ironbound preservers
  5 reapers
  The ghost of Epsin the Fighter, a journeyman MiFi of Okawaru (D:15)
  29 very ugly things
  2 deep elf demonologists (Elf:3)
  6 deep elf annihilators
  A halazid warlock (Desolation)
  2 lorocyprocas (Hell)
  A wendigo (Hell)
  8 dire elephants
  4 bunyips
  4 eleionomae
  7 spark wasps
  6 eidola
  The ghost of Discosetron the Marksfrog, a journeyman BaHu of Fedhas (Lair:3)
  5 fire dragons
  2 iron golems (Hell)
  11 ettins
  Snorg (D:11)
  3 blizzard demons
  A mummy priest (Crypt:3)
  5 deep elf death magi
  4 crystal guardians
  6 jiangshi
  6 ragged hierophants (Desolation)
  2 great orbs of eyes (Vaults:4)
  15 yaktaur captains
  5 deep elf high priests
  5 entropy weavers
  2 hell beasts (Hell)
  2 rakshasas
  Harold (Lair:2)
  4 ice dragons
  Fannar (Lair:1)
  Erolcha (D:10)
  13 servants of whispers (Desolation)
  4 spriggan air magi
  42 vault guards
  14 ironbound frosthearts
  10 hydras
  9 ogre magi
  A ghost crab (Swamp:2)
  14 peacekeepers
  2 death knights
  17 centaur warriors
  3 quicksilver dragon skeletons
  20 two-headed ogres
  10 boulder beetles
  3 alligators
  28 dancing weapons
  3 catoblepae
  3 radroaches
  2 deep troll shamans (Depths:2)
  2 tengu warriors (D:15)
  11 vampire magi
  9 death yaks
  4 hell hogs (Hell)
  A deep troll earth mage (Vaults:3)
  An orc high priest (Elf:2)
  A titan zombie (Abyss:2)
  A spriggan berserker (Depths:1)
  A shock serpent (shapeshifter) (Vaults:5)
  A thrashing horror (Abyss:3)
  18 deep elf knights
  Urug (Lair:1)
  14 sun demons
  7 soul eaters (Hell)
  Amaemon (D:9)
  21 hell knights
  A skyshark (Lair:3)
  3 sun moths
  A titan skeleton (Crypt:1)
  2 crystal echidnas (Hell)
  A fire crab (shapeshifter) (Vaults:5)
  2 iron trolls
  5 pharaoh ants
  A death drake (Swamp:3)
  10 skeletal warriors
  4 goliath frogs
  An iron giant zombie (Crypt:1)
  2 shadow wraiths
  A spectral anaconda (Lair:5)
  6 spriggan druids
  An anaconda zombie (Crypt:1)
  A glowing orange brain (Vaults:2)
  2 spark wasp zombies
  A golden dragon zombie (Crypt:2)
  2 flayed ghosts
  39 deep trolls
  6 phantasmal warriors
  10 orb spiders
  A shadow dragon zombie (Hell)
  11 deep elf archers
  5 wizards
  12 steelbarb worms
  2 obsidian statues
  3 bog bodies
  A harpy (shapeshifter) (D:13)
  25 ironbound convokers
  9 lindwurms
  5 swamp dragons
  5 orc knights
  31 deep elf pyromancers
  5 starcursed masses (Abyss:2)
  An iron dragon zombie (Hell)
  2 sphinx zombies (Hell)
  30 deep elf zephyrmancers
  A frost giant zombie (Hell)
  16 harpies
  15 necromancers
  2 manticores
  9 wolf spiders
  A stone giant skeleton (Depths:1)
  3 cyclopes
  12 elephants
  4 orc sorcerers
  27 ugly things
  A fire giant zombie (Depths:1)
  A worldbinder (Abyss:2)
  2 moths of wrath
  8 will-o-the-wisps
  A frost giant skeleton (Crypt:2)
  Joseph (D:7)
  An apocalypse crab (Abyss:3)
  3 guardian serpents (Desolation)
  17 vault sentinels
  8 black mambas
  11 demonic crawlers
  8 smoke demons
  6 torpor snails
  3 molten gargoyles (Hell)
  A rust devil (Depths:2)
  8 cane toads
  2 orange demons
  A gargoyle (D:13)
  3 dire elephant skeletons (Lair:5)
  8 komodo dragons
  An orb spider zombie (Crypt:3)
  An unseen horror (D:13)
  25 yaktaurs
  4 kobold demonologists
  2 rime drakes
  An efreet (D:15)
  An anaconda simulacrum (Hell)
  A grey draconian skeleton (Crypt:2)
  An ice devil (Hell)
  4 ancient zymes
  10 freezing wraiths
  A catoblepas skeleton (Hell)
  11 guardian mummies (Crypt:3)
  A spriggan skeleton (Depths:1)
  A bunyip simulacrum (Hell)
  7 trolls
  6 polar bears
  A polar bear (shapeshifter) (D:13)
  2 bloated husks
  11 hornets
  61 saltlings (Desolation)
  A tyrant leech (shapeshifter) (Vaults:5)
  A hydra skeleton (Hell)
  7 meliai
  4 raiju (Abyss:3)
  A harpy skeleton (Crypt:1)
  12 tarantellas
  11 tyrant leeches
  5 dream sheep
  An ettin zombie (Hell)
  A tarantella (shapeshifter) (Vaults:5)
  28 blink frogs
  5 spriggan zombies
  A spectral elephant (Lair:5)
  A dream sheep (shapeshifter) (Vaults:5)
  A fire giant simulacrum (Depths:3)
  17 jumping spiders
  A jumping spider (shapeshifter) (Elf:3)
  4 air elementals
  3 flying skulls (Crypt:1)
  9 water elementals
  4 ynoxinuls
  18 culicivoras
  A wind drake zombie (Crypt:2)
  2 ettin skeletons
  10 spriggans
  16 slime creatures
  2 dire elephant simulacra
  8 wraiths
  70 yaks
  2 shadows
  An ice dragon skeleton (Crypt:2)
  4 wyverns
  3 basilisks
  21 humans (D:13)
  3 fire elementals
  A black mamba skeleton (Crypt:1)
  3 chaos spawn
  An alligator snapping turtle simulacrum (Hell)
  7 vampire mosquitoes
  3 swamp worm simulacra (Swamp:4)
  2 steam dragons (D:9)
  19 swamp worms
  A redback (shapeshifter) (Vaults:5)
  A harpy simulacrum (Hell)
  9 large abominations
  A glowing shapeshifter zombie (Hell)
  2 spectral cane toads (Lair:5)
  52 redbacks
  2 wargs
  A two-headed ogre zombie (Crypt:1)
  2 glowing shapeshifter skeletons
  13 small abominations
  A floating eye (shapeshifter) (Vaults:5)
  16 hydra simulacra (Swamp:4)
  14 water moccasins
  A demonspawn skeleton (Crypt:2)
  3 hell hounds (Hell)
  26 orc warriors
  A swamp drake (Swamp:2)
  2 faun skeletons
  An ice beast (D:4)
  An ice beast (shapeshifter) (D:13)
  4 sky beasts
  A black bear (Lair:3)
  A black bear (shapeshifter) (Vaults:3)
  A swamp dragon zombie (Crypt:1)
  6 boggarts
  A blink frog skeleton (Crypt:1)
  12 centaurs
  38 ogres
  14 kobold brigands
  A phantom (D:6)
  A spectral wyvern (D:6)
  Blork the orc (D:5)
  3 earth elementals
  7 bullfrogs
  2 gnoll sergeants (D:11)
  3 cane toad simulacra (Lair:5)
  8 scorpions
  A salamander skeleton (Crypt:1)
  13 wights
  An elephant simulacrum (Lair:5)
  9 killer bees (D:10)
  A troll skeleton (Crypt:2)
  3 howler monkeys
  4 electric eels
  A quasit (Abyss:2)
  12 orc priests
  3 hounds (D:4)
  4 jellies
  2 gnoll boudas
  Ijyb (D:3)
  An iron imp (Abyss:3)
  A black bear skeleton (Crypt:1)
  Jessica (D:2)
  2 sleepcaps
  6 iguanas
  14 orc wizards
  A centaur simulacrum (D:6)
  An acid dragon zombie (Crypt:1)
  18 gnolls
  6 adders
  5 shadow imps
  A steam dragon skeleton (Crypt:1)
  A white imp (D:7)
  An ufetubus (D:5)
  5 swamp drake simulacra (Swamp:4)
  A worm (Lair:2)
  2 dart slugs (D:3)
  69 orcs
  8 ball pythons
  8 endoplasms
  11 giant cockroaches
  12 goblins
  7 hobgoblins
  4 jackals (D:2)
  3 quokkas
  6 bats
  6 frilled lizards
  A giant cockroach zombie (Crypt:2)
  25 kobolds
  An orc zombie (Crypt:3)
  3 rats
  6 briar patches
  7 starspawn tentacles
2109 creatures vanquished.

Vanquished Creatures (collateral kills)
  Sonja (Lair:1)
  The ghost of Wired the Ruffian, a novice TrMo of Qazlal (D:6)
  A spectral unseen horror (D:6)
  A killer bee zombie (D:6)
4 creatures vanquished.

Vanquished Creatures (others)
  A shambling mangrove (Swamp:4)
  A vault guard (Vaults:5)
  A bog body (Swamp:1)
  A deep elf zephyrmancer (Elf:1)
  A deep elf pyromancer (Elf:2)
  A bloated husk (Swamp:1)
  2 hornets (Swamp:4)
  A spriggan zombie (Hell)
  An orc warrior (Vaults:5)
  An orc wizard (Orc:1)
  30 foxfires
  12 fungi
  64 plants
  10 starspawn tentacles
  21 withered plants (Lair:5)
148 creatures vanquished.

Grand Total: 2261 creatures vanquished

Notes
Turn   | Place    | Note
-------+----------+-------------------------------------------
     0 | D:1      | LLlMATKO the Minotaur Berserker began the quest for the
                  | Orb.
     0 | D:1      | Reached XP level 1. HP: 19/19 MP: 0/0
   170 | D:1      | Reached XP level 2. HP: 26/27 MP: 1/1
   370 | D:1      | Found a faded altar of an unknown god.
   432 | D:1      | Reached ** piety under Trog
   503 | D:1      | Reached XP level 3. HP: 29/33 MP: 2/2
   768 | D:2      | Noticed Jessica
   769 | D:2      | Killed Jessica
   914 | D:2      | Reached XP level 4. HP: 33/41 MP: 3/3
  1612 | D:3      | Reached skill level 1 in Shields
  1679 | D:3      | Found Topimeco's Magic Scroll Shoppe.
  1753 | D:3      | Found Fecetz's Weapon Shop.
  1932 | D:3      | Noticed Ijyb
  1940 | D:3      | Killed Ijyb
  1941 | D:3      | Reached XP level 5. HP: 47/47 MP: 4/4
  2029 | D:3      | Reached *** piety under Trog
  2221 | D:3      | Found Sunew's Book Shop.
  2235 | D:3      | Identified the +0 ring mail of Degufoaw {Int+3}
  2312 | D:4      | Reached skill level 5 in Axes
  2404 | D:4      | Found Erruf's Assorted Antiques.
  2424 | D:4      | Reached XP level 6. HP: 55/55 MP: 5/5
  2521 | D:4      | Reached skill level 5 in Fighting
  2683 | D:4      | Found Ocweash's Weapon Shop.
  2684 | D:4      | Noticed an ice beast
  2694 | D:4      | Killed an ice beast
  2814 | D:4      | Reached XP level 7. HP: 51/61 MP: 6/6
  2920 | D:4      | Found Garuteuq's Antique Armour Shop.
  2965 | D:4      | Found Feorylak's Armour Shop.
  2966 | D:4      | Bought a smoking chain mail for 199 gold pieces
  2966 | D:4      | Identified the +2 chain mail of the Eternal Void {Str+5}
                  | (You bought it in a shop on level 4 of the Dungeon)
  3093 | D:4      | Found Konlemm's General Store.
  3223 | D:5      | Entered Level 5 of the Dungeon
  3315 | D:5      | Reached skill level 5 in Armour
  3555 | D:5      | Noticed Blork the orc
  3562 | D:5      | Killed Blork the orc
  3715 | D:5      | Reached skill level 5 in Dodging
  3779 | D:5      | Reached XP level 8. HP: 68/70 MP: 7/7
  3935 | D:5      | Reached **** piety under Trog
  4029 | D:5      | Found an opulent altar of Gozag.
  4252 | D:6      | Found a runed translucent gate.
  4253 | D:6      | Found a runed translucent gate.
  4254 | D:6      | Found a runed translucent gate.
  4256 | D:6      | Noticed a spectral unseen horror
  4256 | D:6      | Noticed Wired's ghost (novice TrMo)
  4354 | D:6      | Reached skill level 5 in Shields
  4643 | D:6      | Found a glowing silver altar of Zin.
  4652 | D:6      | Reached XP level 9. HP: 79/79 MP: 8/8
  5192 | D:7      | Found a staircase to the Ecumenical Temple.
  5348 | D:7      | Noticed a komodo dragon
  5355 | D:7      | Killed a komodo dragon
  5734 | D:7      | Noticed Joseph
  5750 | D:7      | Killed Joseph
  6287 | D:8      | Noticed a komodo dragon
  6294 | D:8      | Killed a komodo dragon
  6311 | D:8      | Reached XP level 10. HP: 57/90 MP: 9/9
  6565 | D:8      | Reached ***** piety under Trog
  6817 | D:8      | Found a broken altar of Ashenzari.
  6880 | D:8      | Found Jiepn's Antique Armour Shoppe.
  6883 | D:8      | Received a gift from Trog
  7291 | D:9      | Noticed a two-headed ogre
  7300 | D:9      | Killed a two-headed ogre
  7376 | D:9      | Found a flagged portal.
  7389 | Bailey   | Entered a bailey
  7500 | Bailey   | Noticed an orc knight
  7508 | Bailey   | Found a large runed translucent door.
  7508 | Bailey   | Found a large runed translucent door.
  7515 | Bailey   | Killed an orc knight
  7631 | Bailey   | Noticed a deep elf pyromancer
  7633 | Bailey   | Found the dreamshard necklace {*Dream Drain}
  7763 | Bailey   | Killed a deep elf pyromancer
  7764 | Bailey   | Reached skill level 10 in Axes
  7764 | Bailey   | Reached XP level 11. HP: 99/99 MP: 10/10
  7788 | Bailey   | Identified the +1 scale mail of Limitation {Will+}
  7789 | Bailey   | Identified the +0 robe "Nebbein" {Will+}
  7949 | D:9      | Reached skill level 10 in Fighting
  8158 | D:9      | Noticed Amaemon
  8169 | D:9      | Killed Amaemon
  9166 | D:4      | Bought the +0 pair of gloves of Amorality {rPois rCorr
                  | Slay+3} for 474 gold pieces
  9292 | D:10     | Entered Level 10 of the Dungeon
  9394 | D:10     | Found a sacrificial altar of Ru.
  9395 | D:10     | Reached skill level 10 in Armour
  9496 | D:10     | Found an ancient bone altar of Kikubaaqudgha.
  9498 | D:10     | Noticed a seven-headed hydra
  9500 | D:10     | Noticed a two-headed ogre
  9585 | D:10     | Found a transporter.
  9688 | D:10     | Found a shimmering altar of Xom.
  9689 | D:10     | Found a basalt altar of Yredelemnul.
  9689 | D:10     | Found an iron altar of Okawaru.
 10319 | D:10     | Noticed Erolcha
 10324 | D:10     | Killed Erolcha
 10529 | D:10     | Found a transporter.
 10586 | D:10     | Reached skill level 10 in Shields
 10790 | D:6      | Killed Wired's ghost
 10926 | D:11     | Reached skill level 10 in Dodging
 10926 | D:11     | Reached XP level 12. HP: 45/110 MP: 11/11
 11160 | D:11     | Found a staircase to the Lair.
 11281 | D:11     | Found a staircase to the Orcish Mines.
 11608 | D:11     | Noticed Snorg
 11624 | D:11     | Killed Snorg
 11867 | D:11     | Found Faicsosm's Armour Boutique.
 11935 | D:11     | Found an ornate altar of the Wu Jian Council.
 12425 | D:12     | Noticed a two-headed hydra
 12440 | D:12     | Killed a 13-headed hydra
 13151 | Lair:1   | Entered Level 1 of the Lair of Beasts
 13151 | Lair:1   | Noticed Sonja
 13383 | Lair:1   | Identified a scroll of acquirement
 13383 | Lair:1   | Acquired 347 gold pieces
 13553 | Lair:1   | Noticed a death yak
 13553 | Lair:1   | Noticed a death yak
 13553 | Lair:1   | Noticed a death yak
 13555 | Lair:1   | Noticed Urug
 13565 | Lair:1   | Killed a death yak
 13566 | Lair:1   | Killed a death yak
 13568 | Lair:1   | Killed a death yak
 13570 | Lair:1   | Killed Urug
 13599 | Lair:1   | Killed Sonja
 13677 | Lair:1   | Noticed Fannar
 13688 | Lair:1   | Killed Fannar
 13694 | Lair:1   | Noticed Gastronok
 13712 | Lair:1   | Killed Gastronok
 13713 | Lair:1   | Reached XP level 13. HP: 98/119 MP: 12/12
 14167 | Lair:2   | Found a hole to the Spider Nest.
 14279 | Lair:2   | Received a gift from Trog
 14376 | Lair:2   | Noticed Harold
 14395 | Lair:2   | Killed Harold
 15586 | Lair:3   | Found a transporter.
 15809 | Lair:3   | Noticed Discosetron's ghost (journeyman BaHu)
 15852 | Lair:3   | Found a transporter.
 15980 | Lair:3   | Found a staircase to the Swamp.
 16628 | Lair:4   | Found a glowing golden altar of the Shining One.
 17231 | Lair:4   | Reached XP level 14. HP: 105/130 MP: 13/13
 17505 | Lair:4   | Found a runed translucent door.
 17515 | Lair:4   | Noticed an azure jelly
 17517 | Lair:4   | Found a staircase to the Slime Pits.
 17517 | Lair:4   | Noticed an azure jelly
 17662 | Lair:5   | Entered Level 5 of the Lair of Beasts
 19374 | Lair:5   | Received a gift from Trog
 20053 | D:13     | Found a gate to the Vaults.
 20065 | Abyss:2  | Cast into level 2 of the Abyss (a wizard)
 20324 | Abyss:2  | Reached XP level 15. HP: 108/139 MP: 14/14
 20357 | Abyss:2  | Reached skill level 15 in Axes
 20367 | Abyss:2  | Found a corrupted altar of Lugonu.
 20370 | Abyss:2  | Found a corrupted altar of Lugonu.
 20370 | Abyss:2  | Found a corrupted altar of Lugonu.
 20378 | Abyss:2  | Noticed a tentacled starspawn
 20381 | Abyss:2  | Noticed a tentacled starspawn
 20386 | Abyss:2  | Killed a tentacled starspawn
 20391 | Abyss:2  | Killed a tentacled starspawn
 20465 | Abyss:2  | Reached skill level 15 in Fighting
 20631 | Abyss:2  | Noticed a tentacled starspawn
 20648 | Abyss:2  | Killed a tentacled starspawn
 20660 | D:13     | Escaped the Abyss
 20871 | D:13     | Found Upekhluusu's Assorted Antiques.
 20984 | D:13     | Reached skill level 15 in Armour
 21629 | D:13     | Bought a pair of runed boots for 217 gold pieces
 22278 | Lair:3   | Killed Discosetron's ghost
 22601 | D:14     | Received a gift from Trog
 22929 | D:14     | Found a shadowy altar of Dithmenos.
 23330 | D:15     | Entered Level 15 of the Dungeon
 23502 | D:15     | Reached skill level 15 in Shields
 23549 | D:15     | Found a hide-covered altar of Uskayaw.
 23703 | D:15     | Found a large runed translucent door.
 23703 | D:15     | Found a large runed translucent door.
 23704 | D:15     | Noticed Epsin's ghost (journeyman MiFi)
 23745 | D:15     | Found a portal to a secret trove of treasure.
 23860 | D:15     | Found a staircase to the Depths.
 24234 | D:15     | Killed Epsin's ghost
 24348 | D:15     | Identified the staff of cold "Nojoomao" {rElec rC+ rCorr
                  | Str+2 Stlth-}
 24460 | Orc:1    | Entered Level 1 of the Orcish Mines
 24958 | Orc:2    | Entered Level 2 of the Orcish Mines
 24962 | Orc:2    | Received a gift from Trog
 24989 | Orc:2    | Found a flickering gateway to a bazaar.
 25006 | Bazaar   | Entered a bazaar
 25010 | Bazaar   | Found Pidghut's General Store.
 25021 | Bazaar   | Found Zidu's Book Shoppe.
 25029 | Bazaar   | Found Wogod's Antique Weapon Shoppe.
 25040 | Bazaar   | Found Xirrar's Antique Armour Boutique.
 25051 | Bazaar   | Found Hoesoxy's Magic Scroll Emporium.
 25059 | Bazaar   | Bought a scroll of magic mapping for 90 gold pieces
 25323 | Orc:2    | Found Rioll's General Store.
 25323 | Orc:2    | Found Iryxoap's Armour Emporium.
 25323 | Orc:2    | Found Vojotis's Armour Emporium.
 25323 | Orc:2    | Found Kyrchusch's Antique Armour Boutique.
 25326 | Orc:2    | Reached XP level 16. HP: 151/151 MP: 15/15
 25396 | Orc:2    | Bought a pair of scorched boots for 342 gold pieces
 25396 | Orc:2    | Identified the +2 pair of boots "Xisegh" {Regen+} (You
                  | bought it in a shop on level 2 of the Orcish Mines)
 25397 | Orc:2    | Bought the +3 pair of seven-league boots {Rampage+∞} for
                  | 600 gold pieces
 25397 | Orc:2    | Found the +3 pair of seven-league boots {Rampage+∞}
 25474 | Orc:2    | Found a staircase to the Elven Halls.
 25850 | Spider:1 | Entered Level 1 of the Spider Nest
 26012 | Spider:1 | Identified the +1 broad axe "Diwk" {heavy, Drain rC+ Will-
                  | Str+8} (Trog gifted it to you on level 1 of the Spider
                  | Nest)
 26012 | Spider:1 | Received a gift from Trog
 26679 | Spider:1 | Reached skill level 15 in Dodging
 27116 | Spider:2 | Identified the +0 scale mail of Card Tricks {-Tele Harm rC+
                  | Slay+3}
 27420 | Spider:2 | Reached ****** piety under Trog
 27503 | Spider:2 | Received a gift from Trog
 28267 | Spider:3 | Noticed Aizul
 28272 | Spider:3 | Noticed Louise
 28276 | Abyss:2  | Cast into level 2 of the Abyss (Louise)
 28282 | Abyss:2  | Noticed a tentacled starspawn
 28289 | Abyss:2  | Killed a tentacled starspawn
 28302 | Abyss:2  | Noticed a bone dragon
 28307 | Abyss:2  | Noticed a tentacled starspawn
 28311 | Abyss:2  | Killed a bone dragon
 28313 | Abyss:2  | Found a corrupted altar of Lugonu.
 28317 | Abyss:2  | Killed a tentacled starspawn
 28348 | Abyss:2  | Found a corrupted altar of Lugonu.
 28382 | Abyss:2  | Reached XP level 17. HP: 149/161 MP: 16/16
 28407 | Abyss:2  | Found a corrupted altar of Lugonu.
 28513 | Abyss:2  | Found a corrupted altar of Lugonu.
 28521 | Abyss:2  | Noticed a pearl dragon
 28531 | Abyss:2  | Killed a pearl dragon
 28554 | Spider:3 | Escaped the Abyss
 28743 | Spider:3 | Killed Aizul
 28754 | Spider:3 | Killed Louise
 29540 | Spider:4 | Entered Level 4 of the Spider Nest
 30355 | Spider:4 | Received a gift from Trog
 30757 | Spider:4 | Got a gossamer rune of Zot
 31111 | Swamp:1  | Entered Level 1 of the Swamp
 31789 | Swamp:2  | Identified the +12 falchion of Butchery {heavy, rC- rCorr
                  | Dex+3} (Trog gifted it to you on level 2 of the Swamp)
 31789 | Swamp:2  | Received a gift from Trog
 32160 | Swamp:2  | Identified the ring of Hataqaj {rPois rN+ Will+ AC+4 Str+4}
 32352 | Swamp:3  | Noticed Mlioglotl
 32360 | Swamp:3  | Killed Mlioglotl
 32521 | Swamp:3  | Reached XP level 18. HP: 172/172 MP: 17/17
 33062 | Swamp:4  | Entered Level 4 of the Swamp
 34162 | Swamp:4  | Got a decaying rune of Zot
 34451 | Elf:1    | Entered Level 1 of the Elven Halls
 34465 | Elf:1    | Paralysed by an air elemental for 1 turns
 34616 | Elf:1    | Received a gift from Trog
 35224 | Elf:1    | Paralysed by an air elemental for 1 turns
 35232 | Elf:1    | Found Olez Gooqae's Jewellery Emporium.
 35674 | Elf:2    | Found Yhuts's Jewellery Shoppe.
 35697 | Elf:2    | Received a gift from Trog
 36073 | Elf:2    | Paralysed by an air elemental for 1 turns
 36077 | Elf:2    | Paralysed by an air elemental for 1 turns
 36182 | Elf:2    | Paralysed by an air elemental for 1 turns
 36226 | Elf:2    | Reached XP level 19. HP: 112/182 MP: 18/18
 36260 | Elf:2    | Received a gift from Trog
 36563 | Elf:2    | Found a huge runed translucent gate.
 36563 | Elf:2    | Found a huge runed translucent gate.
 36563 | Elf:2    | Found a huge runed translucent gate.
 36563 | Elf:2    | Found a huge runed translucent gate.
 36566 | Elf:2    | Found a huge runed translucent gate.
 37424 | Elf:2    | Found Yhuts's Jewellery Shoppe.
 37933 | Elf:3    | Entered Level 3 of the Elven Halls
 37955 | Elf:3    | Acquired 899 gold pieces
 38968 | Elf:3    | Received a gift from Trog
 39726 | Abyss:3  | Cast into level 3 of the Abyss (a deep elf sorcerer)
 39914 | Abyss:3  | Noticed a bone dragon
 39919 | Abyss:3  | Killed a bone dragon
 40082 | Abyss:3  | Noticed a bone dragon
 40085 | Elf:3    | Escaped the Abyss
 40349 | Elf:3    | Identified the amulet of the Kangaroo {RegenMP SInv}
 40356 | Elf:3    | Received a gift from Trog
 40496 | Elf:3    | Found the +0 mask of the Dragon {Will+ Slay+3 SInv}
 40795 | Elf:3    | Identified the +3 dagger of Dyf Attu {freeze, rF++ Dex+2}
 40802 | Elf:3    | Identified the +4 plate armour of Patterns {Int+2}
 41127 | Vaults:1 | Entered Level 1 of the Vaults
 41133 | Vaults:1 | Reached XP level 20. HP: 161/193 MP: 19/19
 41531 | Vaults:1 | Noticed a golden dragon
 41535 | Vaults:1 | Killed a golden dragon
 41638 | Vaults:1 | Received a gift from Trog
 42602 | Vaults:2 | Received a gift from Trog
 42912 | Vaults:2 | Noticed Boris
 42917 | Vaults:2 | Killed Boris
 43294 | Vaults:2 | Found Dyasmaod's Assorted Antiques.
 43314 | Vaults:2 | Bought a potion of resistance for 490 gold pieces
 43357 | Vaults:2 | Received a gift from Trog
 43362 | Vaults:2 | Reached XP level 21. HP: 108/204 MP: 20/20
 43675 | Vaults:2 | Found a staircase to the Crypt.
 44264 | Vaults:3 | Found a crumbling gateway.
 44271 | Desolati | Entered the Desolation of Salt
 44602 | Desolati | Identified the ring of Propriety {rF+ MP+9}
 44626 | Desolati | Identified the +6 scimitar of the Tortured God {distort,
                  | Int+5}
 44730 | Desolati | Identified the +5 spear "Conservator" {elec, rF+ rN+ Int+3}
 44864 | Desolati | Identified the +8 morningstar of Nihah {heavy, rPois rC+
                  | rCorr Str+3} (Trog gifted it to you in the Desolation of
                  | Salt)
 44864 | Desolati | Received a gift from Trog
 45091 | Desolati | Identified the ring "Sucet" {Wiz *Slow rElec Str+6}
 45095 | Desolati | Identified the +4 trident of Dominance {spect, +Blink rElec
                  | Str+3 Dex+4}
 45105 | Desolati | Identified the +5 chain mail of Xom {rPois Will+ rCorr}
 46008 | Vaults:3 | Identified the +7 long sword "Worm" {holy, rCorr Int-2
                  | Dex+7}
 46618 | Vaults:3 | Received a gift from Trog
 47004 | Vaults:4 | Noticed Sojobo
 47007 | Vaults:4 | Noticed Frederick
 47212 | Vaults:4 | Killed Frederick
 47259 | Vaults:4 | Paralysed by an air elemental for 1 turns
 47261 | Vaults:4 | Paralysed by an air elemental for 1 turns
 47262 | Vaults:4 | Killed Sojobo
 47386 | Vaults:4 | Reached XP level 22. HP: 208/215 MP: 21/21
 47700 | Vaults:4 | Found a gateway to a bazaar.
 47705 | Bazaar   | Entered a bazaar
 47705 | Bazaar   | Found Wohiur's Jewellery Shoppe.
 47705 | Bazaar   | Found Valoick's General Store.
 47707 | Bazaar   | Found Emoilu's General Store.
 47723 | Bazaar   | Found Dajezo's Book Emporium.
 47738 | Bazaar   | Found Emoilu's General Store.
 47946 | Vaults:4 | Received a gift from Trog
 48150 | Vaults:4 | Found a large runed translucent door.
 48150 | Vaults:4 | Found a large runed translucent door.
 48493 | Vaults:4 | Noticed heteroy's ghost (veteran GrEE)
 48580 | Vaults:4 | Killed heteroy's ghost
 48586 | Vaults:4 | Identified the +1 whip of the Exiled Spines {freeze, rC+}
 48622 | Vaults:5 | Entered Level 5 of the Vaults
 48772 | Vaults:5 | Received a gift from Trog
 49192 | Vaults:5 | Noticed an ancient lich
 49197 | Vaults:5 | Identified the +9 rapier "Nejallij" {freeze, rN+}
 49199 | Vaults:5 | Killed an ancient lich
 49575 | Vaults:5 | Received a gift from Trog
 49704 | Vaults:5 | Found Acoza's Magic Scroll Emporium.
 49743 | Vaults:5 | Identified the staff of fire "Kirchaig" {Fragile rF+ rC++
                  | Str+4}
 49783 | Vaults:5 | Reached XP level 23. HP: 225/225 MP: 22/22
 50113 | Vaults:5 | Identified the staff of air "Nakomoog" {rElec rPois Dex-2
                  | SInv}
 50176 | Vaults:5 | Got a silver rune of Zot
 50302 | Vaults:5 | Received a gift from Trog
 50679 | Vaults:5 | Identified the +3 plate armour of Action {+Blink rC++}
 50734 | Vaults:5 | Identified the orb of the Okapi {*Rage, Slay+6}
 50750 | Vaults:5 | Identified the +1 scale mail of Resonance {Str+3}
 51133 | Vaults:5 | Found Acoza's Magic Scroll Emporium.
 52022 | Depths:1 | Entered Level 1 of the Depths
 52315 | Depths:1 | Found a gateway to a bazaar.
 52637 | Depths:1 | Noticed Nikola
 52646 | Depths:1 | Killed Nikola
 52666 | Bazaar   | Entered a bazaar
 52718 | Bazaar   | Found Siad's Magic Scroll Shop.
 52718 | Bazaar   | Found Wofier's Jewellery Boutique.
 52726 | Bazaar   | Bought a scroll of magic mapping for 75 gold pieces
 52726 | Bazaar   | Bought a scroll of magic mapping for 75 gold pieces
 52728 | Bazaar   | Bought the ring of the Will of the Gods {rC+++ Str+6 Int+5
                  | Stlth-} for 958 gold pieces
 52746 | Depths:1 | Identified the +0 trident of Satyriasis {vamp, rN+ Str+3
                  | Dex+3}
 52756 | Depths:1 | Found a gateway to Hell.
 53125 | Depths:1 | Received a gift from Trog
 53150 | Depths:2 | Noticed Boris
 53155 | Depths:2 | Killed Boris
 53269 | Depths:2 | Identified the +1 robe of Fun and Games {rElec rPois Int+3}
 53278 | Depths:2 | Found a one-way gate leading to the halls of Pandemonium.
 53895 | Depths:2 | Received a gift from Trog
 55117 | Depths:2 | Found a one-way gate leading to the halls of Pandemonium.
 55634 | Depths:2 | Gained mutation: Your flesh is heat resistant. (rF+)
                  | [mutagenic glow]
 55653 | Depths:2 | Gained mutation: You possess an exceptional clarity of
                  | mind. [mutagenic glow]
 55681 | Depths:2 | Gained mutation: You occasionally shout uncontrollably at
                  | your foes. [mutagenic glow]
 56089 | Depths:3 | Found a one-way gate to the infinite horrors of the Abyss.
 56193 | Depths:3 | Found a one-way gateway to a ziggurat.
 56268 | Hell     | Entered the Vestibule of Hell
 56268 | Hell     | Noticed Geryon
 56277 | Hell     | Killed Geryon
 56280 | Hell     | Paralysed by a wendigo for 1 turns
 56284 | Hell     | Reached XP level 24. HP: 237/237 MP: 22/22
 56453 | Hell     | Received a gift from Trog
 56610 | Hell     | Found a gateway to the decaying netherworld of Tartarus.
 56686 | Hell     | Found a gateway to the freezing wastes of Cocytus.
 57278 | Hell     | Found a gateway to the Iron City of Dis.
 57342 | Hell     | Found a gateway to the ashen valley of Gehenna.
 57418 | Hell     | Found a gateway to the ashen valley of Gehenna.
 57468 | Hell     | Found a gateway to the Iron City of Dis.
 57499 | Hell     | Found a gateway to the freezing wastes of Cocytus.
 57605 | Hell     | Found a gateway to the decaying netherworld of Tartarus.
 58109 | Crypt:1  | Entered Level 1 of the Crypt
 58199 | Crypt:1  | Noticed Margery
 58209 | Crypt:1  | Received a gift from Trog
 58219 | Crypt:1  | Killed Margery
 58649 | Crypt:1  | Noticed Grunn
 58658 | Crypt:1  | Killed Grunn
 58866 | Crypt:2  | Noticed Zenata
 58872 | Crypt:2  | Killed Zenata
 59077 | Crypt:2  | Noticed Donald
 59081 | Crypt:2  | Killed Donald
 59604 | Crypt:3  | Entered Level 3 of the Crypt
 59906 | Crypt:3  | Found a staircase to the Tomb.
 59964 | Crypt:3  | Identified the +10 war axe of Jeira {antimagic, Will+}
                  | (Trog gifted it to you on level 3 of the Crypt)
 59964 | Crypt:3  | Received a gift from Trog
 59983 | Crypt:3  | HP: 16/358 [ushabti] (3)]
 59983 | Crypt:3  | HP: 7/352 [eidolon/bolt of negative energy (9)]
 59985 | Crypt:3  | HP: 3/355 [poisoned by an ushabti (dark miasma)]
 59986 | Crypt:3  | Engulfed by an ushabti's foul pestilence

Illustrated notes

Levels and vault maps discovered:
D:1:      dpeg_arrival_tiny_k, layout_loops_cross,
          dreamdust_ecumenical_altar_angels_and_demons, minmay_vboxes
D:2:      layout_rooms, serial_bayou, serial_bayou_shore_b, serial_bayou_ford_a,
          serial_bayou_shore_a, serial_bayou_pond_c, serial_bayou_pond_d,
          serial_bayou_pond_d, grunt_decor_arrowhead, uniq_jessica
D:3:      layout_basic, serial_shops, shop, shop,
          nicolae_shop_getting_attention, minmay_misc_feat_room, uniq_ijyb
D:4:      layout_basic, serial_shops, shop, nicolae_shop_bloodbath_and_beyond,
          nicolae_take_the_stairs, nicolae_shop_crystal, shop
D:5:      minmay_razor_zed, layout_gridville, mainiacjoe_overflow_paths,
          supply_closet_lemuel, uniq_blork_the_orc
D:6:      layout_loops_ring, mainiacjoe_overflow_cross_hatched,
          gammafunk_ghost_necromancy, minmay_misc_feat_cross
D:7:      layout_gridville, minmay_temple_entry_mini_moons, grunt_ogre_cave,
          minmay_lizard_king, uniq_joseph
D:8:      layout_loops_cross, ashenzari_conservatory_becter, serial_shops, shop
D:9:      layout_basic, enter_bailey_7, minmay_starry_boxes, uniq_amaemon
D:10:     layout_rooms, gammafunk_temple_overflow_arena, hangedman_ru_absence,
          minitemple, nicolae_hexahallways, kennysheep_nondescript,
          kennysheep_generic_room_2, uniq_erolcha
D:11:     layout_small_grid, david_lair_shrubbed,
          kennysheep_orc_monster_closet_entryway, serial_shops, shop,
          nicolae_wu_jian_immortal_techniques, uniq_snorg
D:12:     layout_irregular_city, hangedman_ranch
D:13:     layout_basic, grunt_vaults_entry_tiered, serial_shops,
          nicolae_shop_pleasant_corner_grove, minmay_diced_spiral
D:14:     layout_gridville, grunt_dithmenos_shadows
D:15:     grunt_enter_depths_snipers, layout_long_grid,
          nicolae_trove_entry_crossroad, ebering_ghost_disaster_area,
          dreamdust_princess_bridge, nicolae_twisting_strands,
          eat_drink_and_be_merry_uskayaw
Lair:1:   layout_roguey, lemuel_fruit_tree, uniq_fannar, uniq_urug,
          uniq_gastronok, uniq_sonja
Lair:2:   layout_misc_corridors, nicolae_spider_entry_non_spiders,
          grunt_megastairs_4, infiniplex_staircase_pool, serial_bayou_shore_b,
          uniq_harold
Lair:3:   layout_gridlike, nicolae_swamp_entry_splash_gauntlet,
          gammafunk_ghost_berserking_beasts
Lair:4:   layout_loops_ring, slime_entry_2, basic_altar, beast_lair_carwin_6
Lair:5:   due_jungle_book, layout_loops_ring
Swamp:1:  layout_basic_swamp, serial_swamp_ruin, evilmike_swamp_ruin_house_5,
          evilmike_swamp_ruin_rubble_1, evilmike_swamp_ruin_house_6,
          swamp_pool3, cheibrodos_swamp_pet_leeches
Swamp:2:  nicolae_swamp_ascending_descending, layout_falls_marsh,
          hangedman_swamp_ruin_hall
Swamp:3:  layout_basic_swamp, nicolae_swamp_dense_foliage, swamp_pool1,
          uniq_mlioglotl
Swamp:4:  swamp_icy, layout_basic_swamp
Spider:1: layout_chambers, nicolae_spider_nook
Spider:2: layout_spider_delve
Spider:3: layout_spider_delve, uniq_aizul, uniq_louise
Spider:4: hellmonk_spider_rune_bug_friends
Orc:1:    layout_caves
Orc:2:    st_orc_ogre_mass, layout_diamond_mine, serial_shops,
          bzr_entry_customers, hellmonk_bongcloud_opening
Elf:1:    nicolae_elf_arrival_aired_out, layout_loops_cross, serial_shops,
          nicolae_shop_tiny_real_fake_doors, hangedman_elf_disciples,
          grunt_megastairs_5
Elf:2:    elven_hall_of_blades_hangedman_alternative
          [nicolae_blade_entry_floor_patterns], layout_gridlike, serial_shops,
          nicolae_shop_tiny_real_fake_doors, serial_sigils,
          serial_sigils_hangedman_snap, serial_sigils_hangedman_shear,
          serial_sigils_hangedman_stare, serial_sigils_hangedman_gnaw
Elf:3:    minmay_elf_hall, layout_loops_ring
Vaults:1: v_rooms_6, st_octagons_1, nicolae_vaults_trapezoid_lopsided_4,
          ontoclasm_vaults_claustrophobia, nicolae_vaults_ring_of_whatevers,
          nicolae_vaults_trapezoid_layered,
          nicolae_vaults_windows_and_doors_thing, v_misc_33,
          nicolae_vaults_shelves_hall, nicolae_vaults_six-pack,
          layout_vaults_omnibox
Vaults:2: nicolae_vaults_offset_grid_hallway_4, nicolae_vaults_trapezoid_4,
          nicolae_vaults_variable_pillar_hall, vaults_mumra_lcd,
          nicolae_vaults_closet_pinwheel_2, ontoclasm_vaults_echo,
          vaults_room_grid, nicolae_vaults_stairing_the_circle,
          hangedman_vaults_locks, nicolae_vaults_circle_grid_a,
          nicolae_vaults_meiosis, minmay_crypt_entry_simple_sparse,
          ontoclasm_vaults_fault, layout_vaults_omnicross, serial_shops,
          nicolae_shop_window_shopping, uniq_boris
Vaults:3: portal_desolation_entry_ruin, vaults_standard_mumra_lines, v_misc_13,
          v_misc_14, nicolae_vaults_library_corner, grunt_vaults_bifocal,
          nicolae_vaults_little_ls, hangedman_vaults_nodes,
          nicolae_vaults_six-pack, nicolae_vaults_trapezoid_1, v_misc_23,
          hangedman_vaults_stretched_pinwheel, nicolae_vaults_closet_pinwheel_3,
          vaults_dpeg_encased_lava, layout_vaults_big_room
Vaults:4: ebering_ghost_disaster_area, nicolae_vaults_little_squares_3,
          ontoclasm_vaults_bender, sword_in_stone, nicolae_vaults_trapezoid_3,
          v_misc_25, nicolae_vaults_ninety_degrees, v_misc_27,
          nicolae_vaults_wrenched, nicolae_vaults_hexular_roomagon,
          nicolae_vaults_apartment_1, nicolae_vaults_heist,
          nicolae_vaults_network_s, nicolae_vaults_three_branches,
          vaults_dpeg_ring, v_misc_13, layout_vaults_maze, serial_shops,
          statue_bzr
Vaults:5: serial_shops
Crypt:1:  layout_catacombs, hex_large, uniq_margery, uniq_grunn
Crypt:2:  layout_regular_city, uniq_zenata, uniq_donald
Crypt:3:  lightli_unholy_cathedral, layout_chaotic_city,
          tomb_entry_sphere_bobbens
Depths:1: layout_basic, serial_shops, bzr_entry_islet, nicolae_triple_integral,
          hangedman_coc_ice_floe, kennysheep_generic_room_9, uniq_nikola
Depths:2: wad_arrow_thing, layout_cave_shapes, rand_demon_pan_entry_7,
          infiniplex_staircase_x, hell_entry, firewood_loft
Depths:3: gammafunk_jiyva_shrine, layout_gridville, enter_ziggurat_e, pan_entry,
          chequers_serial_rivers_large_b, hell_entry, abyss_entry, uniq_xtahua
Hell

Skill      XL: |  1  2  3  4  5  6  7  8  9 10 11 12 13 14 15 16 17 18 19 20 21 22 23 24 |
---------------+-------------------------------------------------------------------------+-----
Fighting       | 4 5 6 7 8 9 11 12 13 14 16 17 18 19 20 21 22 23 24 | 24.5
Axes           | 4 5 6 7 8 10 11 12 13 14 16 17 18 19 20 21 22 23 24 | 24.6
Armour         | 3 4 5 6 8 9 10 12 13 14 15 17 18 19 20 21 22 23 24 | 24.4
Dodging        | 3 4 5 6 7 8 10 11 12 13 14 15 16 17 18 19 20 21 22 | 22.6
Shields        | 1 2 3 4 5 7 8 10 11 13 14 15 16 17 18 19 20 21 22 23 24 | 24.2

Action                     |  1- 3 |  4- 6 |  7- 9 | 10-12 | 13-15 | 16-18 | 19-21 | 22-24 || total
---------------------------+-------+-------+-------+-------+-------+-------+-------+-------++-------
  Melee: Hand axe          |    74 |   122 |    82 |   497 |       |       |       |       ||   775
         Headbutt          |    10 |    19 |    36 |   137 |   154 |   224 |   206 |   296 ||  1082
         Punch             |     1 |       |       |       |       |       |       |       ||     1
         Unarmed           |       |     4 |       |       |       |       |       |       ||     4
         War axe           |       |       |   143 |    57 |    96 |       |       |       ||   296
         Broad axe         |       |       |       |       |   614 |   942 |   907 |   972 ||  3435
  Throw: Dart              |       |       |       |       |     3 |     2 |     3 |     4 ||    12
 Invoke: Berserk           |     1 |     2 |     3 |    10 |    14 |     6 |     5 |     7 ||    48
         Trog's Hand       |       |       |       |     3 |     8 |     1 |     6 |     2 ||    20
         Brothers in Arms  |       |       |       |     2 |       |       |       |       ||     2
  Evoke: Wand              |       |       |       |       |       |       |       |     2 ||     2
    Use: Scroll            |       |       |       |    17 |    12 |     8 |     6 |     1 ||    44
         Potion            |       |       |       |       |       |       |     1 |       ||     1
   Stab: Sleeping          |     1 |       |       |       |       |     1 |       |       ||     2
         Confused          |       |     1 |       |       |       |       |       |       ||     1
 Armour: Animal skin       |    21 |     1 |       |       |       |       |       |       ||    22
         Ring mail         |       |    30 |       |       |       |       |       |       ||    30
         Chain mail        |       |    21 |    73 |   210 |   285 |   154 |       |       ||   743
         Crystal plate arm |       |       |       |       |       |   326 |   317 |   256 ||   899
  Dodge: Dodged            |    47 |    55 |   110 |   324 |   311 |   468 |   260 |   311 ||  1886
  Block: Buckler           |     1 |    14 |    46 |   110 |       |       |       |       ||   171
         Kite shield       |       |       |       |    86 |   501 |   262 |       |       ||   849
         Tower shield      |       |       |       |       |       |   519 |   896 |   991 ||  2406
         Reflection        |       |       |       |       |       |       |    56 |    47 ||   103
